 Dungeon Crawl Stone Soup version 0.27.1-1-g398f81649c (webtiles) character file.

Game seed: 1164344526157152347

134 Descartes the Sneak (level 4, -1/22 HPs)
             Began as a Spriggan Wanderer on Sept 15, 2021.
             Succumbed to a water moccasin's poison
             ... on level 6 of the Dungeon.
             The game lasted 00:05:21 (2388 turns).

Descartes the Sneak (Spriggan Wanderer)             Turns: 2388, Time: 00:05:21

Health: -1/22      AC:  2    Str: 10    XL:     4   Next: 95%
Magic:  5/5        EV: 17    Int: 13    God:
Gold:   98         SH:  0    Dex: 13    Spells: 3/3 levels left

rFire    . . .     SeeInvis +   b - +2 dagger (venom)
rCold    . . .     Faith    .   (shield restricted)
rNeg     . . .     Spirit   .   c - +0 robe
rPois    .         Reflect  .   (helmet restricted)
rElec    .         Harm     .   (no cloak)
rCorr    .         Rampage  .   (gloves unavailable)
Will     .....                  (boots unavailable)
Stlth    +++.......             (no amulet)
HPRegen  0.07/turn              (no ring)
MPRegen  0.09/turn              (no ring)

@: lethally poisoned (-1 -> -10), very quick
A: very small, no large weapons, unfitting armour, see invisible, speed 3
a: no special abilities


You were on level 6 of the Dungeon.
You visited 1 branch of the dungeon, and saw 4 of its levels.

You collected 98 gold pieces.

Inventory:

Hand Weapons
 a - a +2 shortbow
 b - a +2 dagger of venom (weapon)
 m - a +0 rapier
 o - a +0 hunting sling
Missiles
 h - 3 arrows
 l - 90 stones (quivered)
 n - 41 bolts
 q - 6 poisoned darts
Armour
 c - a +0 robe (worn)
 j - a +0 buckler
Scrolls
 d - 2 scrolls of teleportation
 e - a scroll of enchant weapon {unknown}
 f - 2 scrolls of magic mapping {unknown}
 i - 3 scrolls of identify {unknown}
 p - a scroll of brand weapon {unknown}
 r - a scroll of amnesia {unknown}
Potions
 g - a potion of attraction {unknown}


   Skills:
 - Level 1.5 Fighting
 + Level 1.8 Short Blades
 + Level 3.5 Bows
 + Level 2.9 Dodging
 * Level 4.3 Stealth
 + Level 1.0 Shields
 - Level 1.0 Ice Magic
 - Level 1.7 Air Magic
 - Level 1.3 Evocations


You had 3 spell levels left.
You didn't know any spells.
Your spell library contained the following spells:

 Spells                   Type           Power      Damage    Failure   Level
 Shock                    Conj/Air       8%         1d3       22%         1
 Swiftness                Air            4%         N/A       41%         3
 Airstrike                Air            2%         N/A       83%         4


Dungeon Overview and Level Annotations

Branches:
Dungeon (3/15)

Altars:


Innate Abilities, Weirdness & Mutations

You are very small and have problems with some larger weapons.
You are too small for most types of armour.
You have supernaturally acute eyesight. (SInv)
You cover ground extremely quickly. (Speed+++)


Message History

You hit the water moccasin.
The water moccasin is poisoned.
The water moccasin is moderately wounded.
The water moccasin completely misses you. x2
You barely miss the water moccasin.
The water moccasin is moderately wounded.
The water moccasin bites you.
You are poisoned.
The water moccasin poisons you!
You hit the water moccasin.
The water moccasin is severely wounded.
You feel very sick. The water moccasin bites you.
You hit the water moccasin but do no damage.
The water moccasin is severely wounded.
You feel sick. The water moccasin bites you.
You closely miss the water moccasin.
The water moccasin is severely wounded.
You feel sick. The water moccasin closely misses you.
The water moccasin bites you.
* * * LOW HITPOINT WARNING * * *
You closely miss the water moccasin.
The water moccasin is severely wounded.
* * * LOW HITPOINT WARNING * * *
You feel sick. The water moccasin misses you.
It was a potion of curing.
You feel better. The water moccasin bites you.
You are lethally poisoned!
The water moccasin poisons you!
You closely miss the water moccasin.
The water moccasin is severely wounded.
You feel very sick. The water moccasin barely misses you.
The water moccasin bites you!
* * * LOW HITPOINT WARNING * * *
You miss the water moccasin.
The water moccasin is severely wounded.
* * * LOW HITPOINT WARNING * * *
You feel very sick.
The water moccasin completely misses you.
You hit the water moccasin.
The water moccasin looks even sicker.
The water moccasin is severely wounded.
You die...

.(..
+###+######....
..........(....#
...............#
.......<...)...#
...............#
.......S.......#
.......@.......#
...............#
...............#
...............#
#####.....######
#.....+ #.....#
#.....# #.....#


You could see a water moccasin (very poisoned).

Vanquished Creatures
  Natasha (D:3)
  4 adders
  A worm (D:2)
  2 dart slugs
  4 orcs (D:3)
  5 endoplasms
  4 giant cockroaches
  8 goblins
  7 hobgoblins
  6 kobolds
  2 quokkas (D:1)
  4 ball pythons
  6 bats
  3 frilled lizards (D:2)
  3 rats
60 creatures vanquished.

Notes
Turn   | Place    | Note
-------+----------+-------------------------------------------
     0 | D:1      | Descartes the Spriggan Wanderer began the quest for the
                  | Orb.
     0 | D:1      | Descartes set off with the following items: a +2 shortbow,
                  | 23 arrows, a +0 robe, a scroll of teleportation
     0 | D:1      | Reached XP level 1. HP: 10/10 MP: 2/2
    75 | D:1      | Reached skill level 2 in Stealth
    97 | D:1      | Reached XP level 2. HP: 5/14 MP: 3/3
   528 | D:1      | Reached skill level 1 in Short Blades
   801 | D:2      | Reached XP level 3. HP: 18/18 MP: 4/4
   975 | D:2      | Found a faded altar of an unknown god.
  1351 | D:2      | Reached skill level 3 in Stealth
  1421 | D:2      | Reached XP level 4. HP: 16/22 MP: 5/5
  2080 | D:3      | Noticed Natasha
  2088 | D:3      | Killed Natasha
  2089 | D:3      | Reached skill level 4 in Stealth
  2323 | D:3      | You fall into a shaft and drop 3 floors!
  2339 | D:6      | Reached skill level 1 in Shields
  2367 | D:6      | Noticed a water moccasin
  2387 | D:6      | HP: 1/22 [poisoned by a water moccasin]
  2388 | D:6      | Succumbed to a water moccasin's poison

Illustrated notes

Levels and vault maps discovered:
D:1:      mrwooster_arrival_arrow, layout_rooms
D:2:      minmay_door_path, layout_basic, dreamdust_ecumenical_altar_grove,
          minmay_mini_jars
D:3:      layout_basic, kennysheep_generic_room_9, uniq_natasha,
          uniq_crazy_yiuf_cottage
D:6:      layout_gridville, minmay_door_square

Skill      XL: |  1  2  3  4 |
---------------+-------------+-----
Stealth        | 2 3 4 |  4.3
Dodging        | 2 |  2.9
Short Blades   | 1 |  1.8
Bows           | 3 |  3.5
Shields        | 1 |  1.0
Fighting       | |  1.5
Ice Magic      | |  1.0
Air Magic      | |  1.7
Evocations     | |  1.3

Action                   |  1- 3 |  4- 6 || total
-------------------------+-------+-------++-------
Melee: Dagger            |     2 |    23 ||    25
 Fire: Shortbow          |    87 |    47 ||   134
  Use: Potion            |       |     1 ||     1
Armor: Robe              |     4 |     3 ||     7
Dodge: Dodged            |    10 |    35 ||    45
